 Dungeon Crawl Stone Soup version 0.31.0-12-g77e489cdc1 (webtiles) character file.

Game seed: 14263086376721945279

69 spaghetti the Sneak (level 4, 33/35 HPs)
             Began as a Human Chaos Knight on Mar 7, 2024.
             Was a Plaything of Xom.
             Quit the game on level 2 of the Dungeon.
             The game lasted 00:01:38 (1062 turns).

spaghetti the Sneak (Human Chaos Knight)            Turns: 1062, Time: 00:01:39

Health: 33/35      AC:  5    Str: 12    XL:     4   Next: 20%
Magic:  4/4        EV: 11    Int: 12    God:    Xom [.*....]
Gold:   50         SH:  0    Dex: 15    Spells: 3/3 levels left

rFire   . . .        a - +0 short sword (chaos)
rCold   . . .        (no shield)
rNeg    . . .        b - +2 leather armour
rPois   .            (no helmet)
rElec   .            (no cloak)
rCorr   .            (no gloves)
SInv    .            (no boots)
Will    .....        (no amulet)
Stlth   ++           (no ring)
HPRegen 0.25/turn    (no ring)
MPRegen 0.09/turn

%: no passive effects
@: no status effects
A: explore regen
a: Renounce Religion


You were on level 2 of the Dungeon.
You worshipped Xom.
You were a plaything of Xom.
You visited 1 branch of the dungeon, and saw 2 of its levels.

You collected 50 gold pieces.

Inventory:

Hand Weapons
 a - a +0 short sword of chaos (weapon)
Armour
 b - a +2 leather armour (worn)
Wands
 e - a wand of polymorph (7)
 f - a wand of roots (10)
Scrolls
 c - 2 scrolls of butterflies
 g - 2 scrolls of blinking
Potions
 d - 3 potions of curing
 h - a potion of enlightenment


   Skills:
 - Level 3.0 Fighting
 - Level 3.0 Short Blades
 - Level 2.0 Armour
 - Level 1.0 Dodging
 + Level 4.1 Stealth


You had 3 spell levels left.
You didn't know any spells.
Your spell library was empty.

Dungeon Overview and Level Annotations

Branches:
Dungeon (2/15)

Altars:

Shops:
D:2 =


Innate Abilities, Weirdness & Mutations

You regain HP and MP as you explore.


Message History

You are too injured to fight recklessly!
You are too injured to fight recklessly!
You are too injured to fight recklessly!
You are too injured to fight recklessly!
You are too injured to fight recklessly!
You closely miss the goblin. You barely miss the goblin.
The frilled lizard closely misses you. The goblin barely misses you.
You hit the goblin.
The goblin is poisoned.
The goblin is almost dead.
The goblin hits you but does no damage. The frilled lizard bites you.
You hit the goblin. You freeze the goblin.
You kill the goblin!
The frilled lizard barely misses you.
You barely miss the frilled lizard.
The frilled lizard completely misses you.
The frilled lizard bites you but does no damage.
You hit the frilled lizard but do no damage.
The frilled lizard bites you but does no damage.
The frilled lizard closely misses you.
You closely miss the frilled lizard. The frilled lizard barely misses you.
The frilled lizard bites you.
You hit the frilled lizard. You freeze the frilled lizard.
You kill the frilled lizard!
You hit the kobold but do no damage. You drain the kobold.
The kobold is heavily wounded.
The frilled lizard barely misses you. The kobold closely misses you.
You hit the kobold.
You feel better.
You kill the kobold!
The frilled lizard bites you but does no damage.
You closely miss the frilled lizard. The frilled lizard barely misses you.
The frilled lizard bites you but does no damage.
You hit the frilled lizard. You burn the frilled lizard.
You kill the frilled lizard!
The frilled lizard closely misses you.
You hit the frilled lizard.
You feel better.
You kill the frilled lizard!
Items here: ††††††.
Unknown command.
Are you sure you want to abandon this character and quit the game? (Confirm with "yes".)

#
#.#.###.#
#
##.......#
#
#..~~~~..#
#
#.~~~~~~.#
# .#
#.~~~~~~.#
# .#
#..~~~~~.#
# .#
#.~~~~..#
##.#####
#.....@)#
........
......##r#
..#####
##### #.#
..# #.#
..# #.#
).# #.#
..# #.#
#.# #.#
#.# #.#


You could see a friendly quokka (summoned).

Vanquished Creatures
  Terence (D:2)
  2 adders (D:2)
  A dart slug (D:1)
  2 endoplasms (D:1)
  A giant cockroach (D:1)
  2 goblins
  A hobgoblin (D:1)
  A kobold (D:2)
  A quokka (D:1)
  A ball python (D:1)
  8 frilled lizards
  5 rats
26 creatures vanquished.

Vanquished Creatures (others)
  A frilled lizard (D:1)
1 creature vanquished.

Grand Total: 27 creatures vanquished

Notes
Turn   | Place    | Note
-------+----------+-------------------------------------------
     0 | D:1      | spaghetti the Human Chaos Knight began the quest for the
                  | Orb.
     0 | D:1      | Reached XP level 1. HP: 18/18 MP: 1/1
    75 | D:1      | XOM: potion effect (berserk rage)
   127 | D:1      | Reached skill level 1 in Stealth
   195 | D:1      | XOM: confusion (+ monsters)
   206 | D:1      | XOM: 2-stop teleportation journey
   231 | D:1      | Reached XP level 2. HP: 24/24 MP: 2/2
   264 | D:1      | Reached skill level 2 in Stealth
   832 | D:2      | Found Cotaxon's Jewellery Boutique.
   833 | D:2      | Noticed Terence
   839 | D:2      | Killed Terence
   840 | D:2      | Reached skill level 3 in Stealth
   840 | D:2      | Reached XP level 3. HP: 29/29 MP: 3/3
   971 | D:2      | XOM: silly message
  1033 | D:2      | Reached XP level 4. HP: 35/35 MP: 4/4
  1040 | D:2      | Reached skill level 4 in Stealth
  1042 | D:2      | XOM: cast spell 'Summon Small Mammal'
  1062 | D:2      | Quit the game

Illustrated notes

Levels and vault maps discovered:
D:1:      minmay_arrival_split_and_join, layout_loops_ring
D:2:      layout_basic, serial_shops, shop, shop_statue, minmay_lizard_pond,
          uniq_terence

Skill      XL: |  1  2  3  4 |
---------------+-------------+-----
Stealth        | 1 3 4 |  4.1
Fighting       | |  3.0
Short Blades   | |  3.0
Armour         | |  2.0
Dodging        | |  1.0

Action                     |  1- 3 |  4- 6 || total
---------------------------+-------+-------++-------
  Melee: Short sword       |    67 |    28 ||    95
    Use: Scroll            |     4 |       ||     4
         Potion            |     1 |       ||     1
   Stab: Confused          |     1 |       ||     1
         Sleeping          |     3 |       ||     3
 Armour: Leather armour    |    32 |    18 ||    50
  Dodge: Dodged            |    35 |    21 ||    56
